 Dungeon Crawl Stone Soup version 0.28-a0-1387-g3a22ab9bdc (webtiles) character file.

Game seed: 11866884444674118883

21 HallandMoats the Skirmisher (level 2, -4/24 HPs)
             Began as a Demonspawn Fighter on Jan 3, 2022.
             Frozen to death by an endoplasm (5 damage)
             ... on level 1 of the Dungeon.
             The game lasted 00:01:05 (769 turns).

HallandMoats the Skirmisher (Demonspawn Fighter)     Turns: 769, Time: 00:01:05

Health: -4/24      AC: 12    Str: 16    XL:     2   Next: 65%
Magic:  3/3        EV:  9    Int:  9    God:
Gold:   23         SH:  4    Dex: 12    Spells: 1/1 levels left

rFire   . . .      SeeInvis .   a - +0 war axe
rCold   . . .      Faith    .   c - +0 buckler
rNeg    . . .      Spirit   .   b - +0 scale mail
rPois   .          Reflect  .   (no helmet)
rElec   .          Harm     .   (no cloak)
rCorr   .          Rampage  .   (no gloves)
Will    .....                   (no boots)
Stlth   ..........              (no amulet)
HPRegen 0.08/turn               (no ring)
MPRegen 0.08/turn               (no ring)

@: sanguine armoured
A: sanguine armour 1
a: no special abilities


You were on level 1 of the Dungeon.
You visited 1 branch of the dungeon, and saw 1 of its levels.

You collected 23 gold pieces.

Inventory:

Hand Weapons
 a - a +0 war axe (weapon)
Armour
 b - a +0 scale mail (worn)
 c - a +0 buckler (worn)
Scrolls
 f - 2 scrolls of enchant weapon {unknown}
 g - 2 scrolls of identify {unknown}
 i - 2 scrolls of torment {unknown}
Potions
 d - 2 potions of might
 e - a potion of mutation {unknown}
 h - a potion of curing {unknown}


   Skills:
 + Level 3.1 Fighting
 + Level 2.0 Axes
 + Level 2.8 Armour
 + Level 0.3 Dodging
 + Level 2.8 Shields
 * Level 1.9 Invocations


You had one spell level left.
You didn't know any spells.
Your spell library was empty.

Dungeon Overview and Level Annotations

Branches:
Dungeon (1/15)

Altars:


Innate Abilities, Weirdness & Mutations

When seriously injured, your blood forms armour. (AC +6)


Message History

You block the endoplasm's attack.
A frilled lizard comes into view.
The frilled lizard hisses angrily.
The endoplasm hits you but does no damage.
The endoplasm hits you but does no damage.
The frilled lizard bites you but does no damage.
The frilled lizard barely misses you. The endoplasm barely misses you.
The frilled lizard bites you but does no damage.
The frilled lizard closely misses you. The endoplasm barely misses you.
The frilled lizard bites you. The frilled lizard bites you.
Your blood congeals into armour.
You block the endoplasm's attack.
The frilled lizard bites you but does no damage.
You block the frilled lizard's attack. The endoplasm freezes you.
You are frozen.
You block the frilled lizard's attack. You block the frilled lizard's attack.
The endoplasm freezes you.
You are frozen.
The frilled lizard bites you but does no damage.
The frilled lizard bites you but does no damage.
The endoplasm freezes you.
You are frozen.
* * * LOW HITPOINT WARNING * * *
The frilled lizard closely misses you.
The endoplasm jiggles.
You block the frilled lizard's attack. The endoplasm freezes you.
You are frozen.
* * * LOW HITPOINT WARNING * * *
The frilled lizard bites you but does no damage.
The frilled lizard closely misses you.
The endoplasm hits you but does no damage.
The frilled lizard bites you but does no damage.
The frilled lizard bites you but does no damage.
The endoplasm barely misses you. The frilled lizard barely misses you.
The frilled lizard bites you but does no damage.
The endoplasm freezes you.
You are frozen.
You die...

### ## #.. .# #
#.# .#
####.##.#####.#
.......JlJr..>#
###.##@####.##
#.l..#.#####
P...#.#.#P.≈#
.P≈≈≈...#.#r≈≈≈P#
.≈P≈≈P.##.#.P≈≈P#
#≈≈≈≈P.......≈♣P#
#≈P♣≈.#..#.P≈PP#
##P≈≈≈≈≈..#.≈≈≈.#
..PP≈≈...≈.≈≈P≈#


You could see 2 endoplasms, 2 frilled lizards and a rat.

Vanquished Creatures
  2 bats (D:1)
  4 endoplasms (D:1)
  3 giant cockroaches (D:1)
  2 hobgoblins (D:1)
  2 kobolds (D:1)
  A quokka (D:1)
  A ball python (D:1)
  A frilled lizard (D:1)
  A goblin (D:1)
  2 rats (D:1)
19 creatures vanquished.

Vanquished Creatures (others)
  18 plants (D:1)
18 creatures vanquished.

Grand Total: 37 creatures vanquished

Notes
Turn   | Place    | Note
-------+----------+-------------------------------------------
     0 | D:1      | HallandMoats the Demonspawn Fighter began the quest for the
                  | Orb.
     0 | D:1      | Reached XP level 1. HP: 18/18 MP: 1/1
   238 | D:1      | Reached skill level 1 in Invocations
   292 | D:1      | Gained mutation: When seriously injured, your blood forms
                  | armour. (AC +6) [demonic ancestry]
   292 | D:1      | Reached XP level 2. HP: 24/24 MP: 2/2
   766 | D:1      | HP: 1/24 [frozen (5)]
   769 | D:1      | Frozen to death by an endoplasm

Illustrated notes

Levels and vault maps discovered:
D:1:      dpeg_arrival_houses_and_road, layout_basic, serial_bayou_lagoon_a

Skill      XL: |  1  2 |
---------------+-------+-----
Invocations    | 1 |  1.9
Axes           | 2 |  2.0
Fighting       | |  3.1
Armour         | |  2.8
Dodging        | |  0.3
Shields        | |  2.8

Action                   || total
-------------------------++-------
Melee: War axe           ||    43
Armor: Scale mail        ||    37
Dodge: Dodged            ||    43
Block: Buckler           ||    15

Table legend: (Time is in decaauts)
 A = Elapsed time spent in this place.
 B = Non-inter-level travel time spent in this place.
 C = Inter-level travel time spent in this place.
 D = Time resting spent in this place.
 E = Time spent auto-exploring this place.
 F = Levels seen in this place.
 G = Mean time per level.
                   A        B        C        D        E       F      G
               +--------+--------+--------+--------+--------+-----+--------+
         Total |    791 |    791 |      0 |     82 |    552 |   1 |  791.0 |
       Dungeon |    791 |    791 |      0 |     82 |    552 |   1 |  791.0 |
               +--------+--------+--------+--------+--------+-----+--------+

Top non-repeatable levels by time:
     D:1: 791 daAuts
